 Dungeon Crawl Stone Soup version 0.25-a0-661-g55ea3d2053 (webtiles) character file.

Game seed: 17748707571150569082, levelgen mode: deterministic

7665 DasRunzen the Thaumaturge (level 10, 0/79 HPs)
             Began as a Mummy Necromancer on Mar 20, 2020.
             Was a Believer of Sif Muna.
             Slain by a seven-headed hydra (17 damage)
             ... on level 12 of the Dungeon on Mar 23, 2020.
             The game lasted 00:42:58 (13896 turns).

DasRunzen the Thaumaturge (Mummy Necromancer)      Turns: 13896, Time: 00:42:58

Health: 0/79       AC:  8    Str: 12    XL:     10   Next: 99%
Magic:  29/38      EV: 16    Int: 17    God:    Sif Muna [**....]
Gold:   760        SH:  0    Dex: 13    Spells: 19/28 levels left

rFire    x . .     SeeInvis +   f - staff of power
rCold    + . .     Gourm    .   (no shield)
rNeg     + + +     Faith    .   a - +2 robe
rPois    ∞         Spirit   .   p - +2 hat
rElec    .         Reflect  .   e - +0 cloak
rCorr    .         Harm     .   (no gloves)
MR       +....                  j - +0 pair of boots (curse)
Stlth    ++........             (no amulet)
HPRegen  0.23/turn              h - ring of see invisible
MPRegen  0.26/turn              (no ring)

@: no status effects
A: no food or potions, fire vulnerability, cold resistance 1, negative energy
resistance 3, torment resistance, unbreathing
a: Channel Magic, Renounce Religion


You were on level 12 of the Dungeon.
You worshipped Sif Muna.
Sif Muna was pleased with you.
You were not hungry.

You visited 2 branches of the dungeon, and saw 12 of its levels.

You collected 760 gold pieces.

Inventory:

Armour
 a - a +2 robe (worn)
 e - a +0 cloak (worn)
 j - a cursed +0 pair of boots (worn)
 p - a +2 hat (worn)
Magical Staves
 f - an uncursed staff of power (weapon)
Jewellery
 h - a ring of see invisible (left hand)
 r - an uncursed ring of resist corrosion {unknown}
 s - a cursed ring of teleportation {unknown}
Wands
 k - a wand of flame (25)
 l - a wand of clouds (6)
Scrolls
 b - 2 scrolls of remove curse
 c - 6 scrolls of magic mapping
 d - a scroll of teleportation
 g - a scroll of fog
 i - a scroll of enchant weapon {unknown}
 m - a scroll of brand weapon {unknown}
 n - a scroll of amnesia
 o - a scroll of vulnerability {unknown}
 q - 2 scrolls of identify
 t - a scroll of fear {unknown}


   Skills:
 + Level 7.6 Fighting
 + Level 5.8 Staves
 + Level 6.7 Dodging
 - Level 1.5 Stealth
 + Level 9.6 Spellcasting
 + Level 8.7 Necromancy


You had 19 spell levels left.
You knew the following spells:

 Your Spells              Type           Power        Failure   Level  Hunger
a - Pain                  Necr           ####         1%          1    N/A
b - Vampiric Draining     Necr           #####.....   1%          3    N/A
c - Animate Skeleton      Necr           N/A          1%          1    N/A
d - Animate Dead          Necr           N/A          2%          4    N/A

Your spell library contained the following spells:

 Spells                   Type           Power        Failure   Level  Hunger
 Agony                    Necr           #####...     7%          5    N/A
 Apportation              Tloc           #.....       9%          1    N/A
 Corona                   Hex            #......      9%          1    N/A
 Summon Butterflies       Summ           #.......     9%          1    N/A
 Ensorcelled Hibernation  Hex/Ice        #.....       14%         2    N/A
 Confusing Touch          Hex            #.......     26%         3    N/A
 Dazzling Flash           Conj/Hex       #.....       26%         3    N/A
 Gell's Gravitas          Tloc           #.........   26%         3    N/A
 Lesser Beckoning         Tloc           #.........   26%         3    N/A
 Tukima's Dance           Hex            #.......     26%         3    N/A
 Petrify                  Tmut/Erth      #.......     65%         4    N/A
 Alistair's Intoxication  Tmut/Pois      #.......     94%         5    N/A
 Metabolic Englaciation   Hex/Ice        #.........   94%         5    N/A
 Yara's Violent Unravell  Hex/Tmut       #.........   94%         5    N/A
 Invisibility             Hex            #.......     100%        6    N/A

Dungeon Overview and Level Annotations

Branches:
Dungeon (12/15)            Temple (1/1) D:7            Lair (0/6) D:10
    Orc (0/2) D:11

Altars:
Ashenzari
Cheibriados
Dithmenos
Elyvilon
Fedhas
Gozag
Hepliaklqana
Kikubaaqudgha
Makhleb
Nemelex Xobeh
Okawaru
Qazlal
Ru
Sif Muna
Trog
Uskayaw
Vehumet
Wu Jian
Xom
Yredelemnul
Zin
The Shining One

Shops:
D:7 *   D:11 *

Annotations:
D:11 1 runed translucent door


Innate Abilities, Weirdness & Mutations

You do not eat or drink.
Your flesh is vulnerable to fire.
You are immune to poison.
Your flesh is cold resistant. (rC+)
You are immune to negative energy. (rN+++)
You are immune to unholy pain and torment.
You can survive without breathing.


Message History

The seven-headed hydra barely misses you.
The seven-headed hydra bites you but does no damage.
The seven-headed hydra bites you! The seven-headed hydra bites you.
The seven-headed hydra bites you but does no damage.
The seven-headed hydra bites you.
Casting: Vampiric Draining (safe; 1% risk of failure)
Confirm with . or Enter, or press ? or * to list all spells.
Aiming: Vampiric Draining (safe; 1% risk of failure)
Press: ? - help, Shift-Dir - straight line, f/p - seven-headed hydra
Aim: a seven-headed hydra (lightly wounded)
The seven-headed hydra is moderately wounded.
You feel life coursing into your body.
The seven-headed hydra barely misses you.
The seven-headed hydra bites you but does no damage.
The seven-headed hydra misses you. The seven-headed hydra bites you!
* * * LOW HITPOINT WARNING * * *
The seven-headed hydra misses you.
The seven-headed hydra bites you but does no damage.
The seven-headed hydra bites you!
You die...

#.#....##
#.'......
#.# #.# #.#
#.# #l# #D#
#@# #.# #.#
#.# #.#
#.#########
#..........
##..######
#..#


You could see a seven-headed hydra and a basilisk.

Vanquished Creatures
  3 two-headed ogres
  An unseen horror (D:11)
  A komodo dragon (D:10)
  A troll (D:10)
  A hippogriff (D:10)
  A spriggan (D:8)
  A human (D:11)
  Eustachio (D:5)
  A wyvern (D:7)
  2 hungry ghosts
  A warg (D:10)
  An acid dragon (D:11)
  A water moccasin (D:8)
  3 orc warriors
  A necrophage (D:7)
  An ice beast (D:8)
  An ogre (D:8)
  7 centaurs
  A big kobold (D:10)
  5 bullfrogs
  13 killer bees
  2 howler monkeys (D:5)
  A bullfrog zombie (D:11)
  3 centaur skeletons
  A centaur zombie (D:10)
  3 hounds
  7 orc priests
  A bullfrog skeleton (D:4)
  5 orc wizards
  Natasha (thrice) (D:2)
  Terence (D:2)
  2 iguanas
  9 worker ants
  3 worker ant zombies
  8 adders
  3 shadow imps
  2 oozes
  2 worms (D:2)
  2 dart slugs
  2 leopard geckos (D:1)
  38 orcs
  6 bats
  7 giant cockroaches
  11 goblins
  5 hobgoblins
  3 jackals (D:2)
  7 kobolds
  2 quokkas
  3 frilled lizards
  A jackal zombie (D:5)
  3 quokka skeletons
  A quokka zombie (D:10)
  A rat (D:2)
196 creatures vanquished.

Vanquished Creatures (collateral kills)
  An orc warrior (D:9)
  A quasit (D:9)
  A jelly (D:9)
  A worker ant (D:9)
  An adder (D:9)
  An orc (D:9)
  A jackal (D:9)
7 creatures vanquished.

Vanquished Creatures (others)
  A plant (D:10)
1 creature vanquished.

Grand Total: 204 creatures vanquished

Notes
Turn   | Place    | Note
-------+----------+-------------------------------------------
     0 | D:1      | DasRunzen the Mummy Necromancer began the quest for the
                  | Orb.
     0 | D:1      | Reached XP level 1. HP: 13/13 MP: 4/4
   205 | D:1      | Reached XP level 2. HP: 3/20 MP: 0/5
   559 | D:1      | Reached skill level 3 in Spellcasting
  1045 | D:1      | Reached skill level 1 in Fighting
  1513 | D:2      | Noticed Natasha
  1520 | D:2      | Killed Natasha
  1520 | D:2      | Reached XP level 3. HP: 17/26 MP: 0/7
  1680 | D:2      | Noticed Natasha
  1685 | D:2      | Killed Natasha
  1685 | D:2      | Reached XP level 4. HP: 16/32 MP: 2/9
  2335 | D:2      | Noticed Natasha
  2343 | D:2      | Killed Natasha
  2919 | D:2      | Noticed Terence
  2943 | D:2      | Killed Terence
  2943 | D:2      | Reached skill level 4 in Spellcasting
  2943 | D:2      | Reached XP level 5. HP: 33/38 MP: 0/11
  3914 | D:3      | Reached skill level 5 in Necromancy
  4243 | D:4      | Reached XP level 6. HP: 27/46 MP: 12/12
  4945 | D:4      | Found a glowing silver altar of Zin.
  5520 | D:4      | Found a sacrificial altar of Ru.
  6139 | D:5      | Entered Level 5 of the Dungeon
  6147 | D:5      | Reached skill level 1 in Staves
  6290 | D:5      | Noticed Eustachio
  6317 | D:5      | Killed Eustachio
  6317 | D:5      | Reached skill level 5 in Spellcasting
  6317 | D:5      | Reached XP level 7. HP: 48/52 MP: 14/14
  6515 | D:5      | Learned a level 3 spell: Vampiric Draining
  6709 | D:5      | Found an opulent altar of Gozag.
  7337 | D:5      | You fall into a shaft and drop 3 floors!
  7369 | D:8      | Reached XP level 8. HP: 35/60 MP: 6/16
  7561 | D:8      | Reached skill level 6 in Spellcasting
  7704 | D:8      | Found a sparkling altar of Nemelex Xobeh.
  8168 | D:7      | Found a staircase to the Ecumenical Temple.
  8183 | Temple   | Entered the Ecumenical Temple
  8199 | Temple   | Became a worshipper of Sif Muna the Loreminder
  8423 | D:7      | Found Xadwaser's Assorted Antiques.
  8528 | D:7      | Found a sand-covered staircase.
  9402 | D:7      | Reached skill level 5 in Fighting
  9425 | D:7      | Noticed a green ugly thing
  9486 | D:8      | Reached skill level 7 in Spellcasting
  9486 | D:8      | Reached XP level 9. HP: 57/68 MP: 10/19
  9798 | D:8      | Found a blossoming altar of Fedhas.
  9954 | D:7      | Reached skill level 5 in Dodging
 10027 | D:7      | Upgraded the game from 0.25-a0-634-gd1561dc703 to
                  | 0.25-a0-661-g55ea3d2053
 10046 | D:7      | Learned a level 1 spell: Animate Skeleton
 10124 | D:9      | Found a shadowy altar of Dithmenos.
 10157 | D:9      | Learned a level 4 spell: Animate Dead
 10177 | D:9      | Noticed a two-headed ogre
 10201 | D:9      | Killed a two-headed ogre
 10514 | D:9      | Reached skill level 8 in Spellcasting
 10529 | D:9      | Found a glowing silver altar of Zin.
 11141 | D:9      | Found a basalt altar of Yredelemnul.
 11162 | D:9      | Found an ornate altar of the Wu Jian Council.
 11165 | D:9      | Found a burning altar of Makhleb.
 11197 | D:10     | Entered Level 10 of the Dungeon
 11239 | D:10     | Reached * piety under Sif Muna
 11338 | D:10     | Noticed a troll
 11348 | D:10     | Killed a troll
 11590 | D:10     | Found a staircase to the Lair.
 11591 | D:10     | Noticed a komodo dragon
 11615 | D:10     | Killed a komodo dragon
 11615 | D:10     | Reached XP level 10. HP: 44/77 MP: 22/22
 12196 | D:11     | Reached skill level 5 in Staves
 12311 | D:11     | Found a staircase to the Orcish Mines.
 12362 | D:11     | Found Lahaup's General Store.
 12938 | D:11     | Reached skill level 9 in Spellcasting
 12985 | D:11     | Reached ** piety under Sif Muna
 13142 | D:11     | Noticed a two-headed ogre
 13153 | D:11     | Killed a two-headed ogre
 13287 | D:11     | Noticed an unseen horror
 13298 | D:11     | Killed an unseen horror
 13476 | D:11     | Found a glowing silver altar of Zin.
 13476 | D:11     | Found a runed translucent door.
 13476 | D:11     | Noticed an angel
 13601 | D:11     | Noticed a two-headed ogre
 13612 | D:11     | Killed a two-headed ogre
 13886 | D:12     | Noticed a seven-headed hydra
 13896 | D:12     | Slain by a seven-headed hydra

Levels and vault maps discovered:
D:1:      dpeg_arrival_connections, layout_basic, minmay_liquid_box
D:2:      layout_basic, serial_curves, eino_curves_02, eino_curves_04,
          uniq_natasha, uniq_terence
D:3:      layout_loops_cross, first_ration
D:4:      layout_basic, nicolae_overflow_crystal_walls, lemuel_doored_altar
D:5:      layout_basic, grunt_gozag_statues, uniq_menkaure, uniq_eustachio
D:7:      minmay_klotski, layout_cave_pods, minmay_temple_entry_glass,
          nicolae_ossuary_entry_monument, serial_shops, nicolae_shop_trees,
          minmay_diced_spiral
D:8:      layout_basic, lemuel_coloured_pillars_altar, serial_glass,
          glass_columns_a, glass_columns_c, basic_altar, grunt_pizzeria
D:9:      kennysheep_ambush_hall, layout_basic, lemuel_crystal_altar,
          gammafunk_temple_overflow_pools, basic_altar, grunt_dithmenos_smoke
D:10:     layout_big_octagon, david_lair_shrubbed
D:11:     layout_stronghold, erik_orc_4, serial_shops, shop_statue,
          lemuel_angel_altar
D:12:     minmay_sliced_demisemicircle, layout_basic, gauntlet_entry_generic
Temple:   regret_index_temple_generic_petals

Skill      XL: |  1  2  3  4  5  6  7  8  9 10 |
---------------+-------------------------------+-----
Spellcasting   | 3 4 5 7 8 9 |  9.6
Fighting       | 1 2 3 4 5 6 7 |  7.6
Dodging        | 2 3 4 5 6 |  6.7
Necromancy     | 5 6 7 8 |  8.7
Staves         | 1 2 3 4 5 |  5.8
Stealth        | |  1.5

Action                   |  1- 3 |  4- 6 |  7- 9 | 10-12 || total
-------------------------+-------+-------+-------+-------++-------
Melee: Unarmed           |    13 |     1 |       |       ||    14
       Staff             |       |    49 |   462 |    67 ||   578
 Cast: Pain              |    52 |   183 |   162 |   118 ||   515
       Vampiric Draining |       |       |    51 |    57 ||   108
       Animate Dead      |       |       |     4 |     3 ||     7
       Animate Skeleton  |       |       |     2 |       ||     2
  Use: Scroll            |     2 |     3 |     4 |     1 ||    10
 Stab: Sleeping          |       |       |     1 |       ||     1
Armor: Robe              |     9 |    18 |   141 |    54 ||   222
Dodge: Dodged            |    16 |    74 |   401 |   183 ||   674

Table legend:
 A = Non-vault XP
 B = Vault XP
 C = Vault XP percentage of total XP
 D = Non-vault monster count
 E = Vault monster count
 F = Vault count percentage of total count
                 A         B        C        D         E       F
            +---------+---------+-------+---------+---------+-------
      Total |    8025 |    2925 |  26.7 |     169 |      34 |  16.7
            +---------+---------+-------+---------+---------+-------
        D:1 |      34 |       0 |   0.0 |      18 |       0 |   0.0
        D:2 |     119 |      72 |  37.7 |      22 |       2 |   8.3
        D:3 |     141 |       0 |   0.0 |      19 |       0 |   0.0
        D:4 |     255 |       0 |   0.0 |      10 |       0 |   0.0
        D:5 |     470 |     203 |  30.2 |      21 |       1 |   4.5
        D:7 |     527 |     418 |  44.2 |      11 |       8 |  42.1
        D:8 |     951 |     224 |  19.1 |      13 |       1 |   7.1
        D:9 |     313 |     959 |  75.4 |      12 |       6 |  33.3
       D:10 |    1175 |     523 |  30.8 |      18 |       3 |  14.3
       D:11 |    4040 |     526 |  11.5 |      25 |      13 |  34.2
            +---------+---------+-------+---------+---------+-------
